 Dungeon Crawl Stone Soup version 0.23-a0-182-g58cdd98 (webtiles) character file.

17638 glosham the Spry (level 12, 0/66 HPs)
             Began as a Deep Elf Abyssal Knight on Sept 20, 2018.
             Was the Champion of Lugonu.
             Killed from afar by Frances (29 damage)
             ... with an iron shot
             ... on level 13 of the Dungeon.
             The game lasted 03:13:24 (10314 turns).

glosham the Spry (Deep Elf Abyssal Knight)         Turns: 10314, Time: 03:13:25

Health: 0/66       AC: 13    Str: 16    XL:     12   Next: 20%
Magic:  15/15      EV: 29    Int: 26    God:    Lugonu [******]
Gold:   956        SH:  0    Dex: 19    Spells: 11/11 levels left

rFire    . . .     SeeInvis .   a - +5 lajatang of Turmoil {elec, Str+7 Int+3}
rCold    + . .     Gourm    .   (shield currently unavailable)
rNeg     . . .     Faith    .   X - +3 troll leather armour {Snorg}
rPois    .         Spirit   .   U - +1 helmet
rElec    .         Reflect  .   Y - +0 cloak
rCorr    .         Harm     .   V - +0 pair of gloves
MR       ++...     Rnd*Rage +   (no boots)
Stlth    ++........             z - amulet of magic regeneration
HPRegen  0.61/turn              A - +2 ring of protection
MPRegen  0.39/turn              B - ring of protection from magic

@: agile, berserk cooldown
A: talons 1, berserk 1, cold resistance 1
a: Depart the Abyss, Bend Space, Banish, Corrupt, Enter the Abyss, Brand Weapon
With Distortion, Renounce Religion


You were on level 13 of the Dungeon.
You worshipped Lugonu.
Lugonu was exalted by your worship.
You were not hungry.

You visited 1 branch of the dungeon, and saw 13 of its levels.
You visited the Abyss 1 time.

You collected 956 gold pieces.

Inventory:

Hand Weapons
 a - the +5 lajatang of Turmoil (weapon) {elec, Str+7 Int+3}
   (You found it on level 2 of the Abyss)

   Occasionally, upon striking a foe, it will discharge some electrical energy
   and cause terrible harm.
   It affects your strength (+7).
   It affects your intelligence (+3).
 b - a +6 quarterstaff of electrocution
 c - a +0 blowgun
 d - a +2 spear
 f - a +1 trident of venom
 g - a +0 shortbow
Missiles
 i - 269 stones
 k - 12 curare-tipped needles
 l - 242 arrows
 o - 45 bolts
 q - 11 tomahawks (quivered)
 s - 117 sling bullets
 T - 43 poisoned needles
Armour
 v - a +0 plate armour
 E - a +2 robe of resistance
 G - a +2 buckler of cold resistance
 U - a +1 helmet (worn)
 V - a +0 pair of gloves (worn)
 W - a +2 robe of magic resistance
 X - a +3 troll leather armour (worn) {Snorg}
 Y - a +0 cloak (worn)
Magical Staves
 p - an uncursed staff of air
 O - an uncursed staff of summoning
Jewellery
 z - an amulet of magic regeneration (around neck)
 A - a +2 ring of protection (left hand)
 B - a ring of protection from magic (right hand)
 C - an uncursed ring of protection from cold
 D - an uncursed ring of protection from cold
 I - an uncursed ring of resist corrosion {unknown}
 M - an uncursed ring of protection from magic
 N - an uncursed ring of magical power
 R - an uncursed amulet of the gourmand
 Z - an uncursed ring of wizardry
Wands
 w - a wand of iceblast (8)
 L - a wand of digging (15)
 Q - a wand of flame (22)
Scrolls
 m - a scroll of immolation
 u - 6 scrolls of teleportation
 y - a scroll of fog
 F - a scroll of fear
 P - 2 scrolls of magic mapping
Potions
 h - a potion of lignification
 j - a potion of brilliance
 r - 3 potions of curing
 t - a potion of magic {unknown}
 x - 2 potions of haste
 H - 2 potions of flight
 J - a potion of heal wounds
 S - a potion of cancellation
Comestibles
 n - 27 rations
 K - 2 chunks of flesh


   Skills:
 + Level 3.8 Fighting
 - Level 1.3(7.3) Polearms
 - Level 14.0(14.1) Staves
 - Level 2.3 Armour
 * Level 15.0 Dodging
 - Level 2.2 Invocations


You had 11 spell levels left.
You didn't know any spells.
Your spell library contained the following spells:

 Spells                   Type           Power        Failure   Level  Hunger
 Malign Gateway           Summ/Tloc      #.........   100%        7    #######
 Monstrous Menagerie      Summ           #.........   100%        7    #######
 Summon Greater Demon     Summ           #.........   100%        7    #######
 Summon Horrible Things   Summ           #.........   100%        8    #######


Dungeon Overview and Level Annotations

Branches:
Dungeon (13/15)            Temple (0/1) D:5            Lair (0/6) D:9
    Orc (0/2) D:10
 Vaults: D:13-14

Altars:
Ashenzari
Cheibriados
Dithmenos
Ru
Trog
Uskayaw
Yredelemnul
Zin

Annotations:
D:12 3 runed doors, heinrich's ghost, journeyman FoFi
D:13 Frances


Innate Abilities, Weirdness & Mutations

You have sharp toenails.
You tend to lose your temper in combat.
Your flesh is cold resistant. (rC+)


Message History

There is an open door here.
There is an open door here.
Things that are here:
a whip; an orc corpse
There is an open door here.
Okay, then.
There is an open door here.
You start waiting.
You feel yourself speed up.
You open the door.
Frances, Duchess of Pandemonium comes into view.
She is wielding a hand axe of Frances shouts!
Frances says, "I will defeat you, of this I have no doubt!"
Found 16 stones.
There is an open door here.
Frances chants phrases taken from a devil's mouth.
Frances closely misses you.
You see here 16 stones.
You hit Frances but do no damage. You claw Frances, but do no damage.
Okay, then.
You hit Frances but do no damage. You claw Frances.
Frances is lightly wounded.
The hellwing barely misses you.
The hellwing hits you but does no damage.
Frances mutters in a terrible tongue.
Frances seems to speed up.
The orange demon barely misses you.
You hit Frances but do no damage. You claw Frances, but do no damage.
Frances is lightly wounded.
Frances whispers indecipherable words.
The shard of ice hits you! You partially resist.
The hellwing barely misses The orange demon stings you from afar!
You are poisoned.
The orange demon poisons you!
You feel agile all of a sudden.
You feel sick. Frances misses you. The hellwing hits you!
The hellwing closely misses you. The orange demon completely misses you.
You feel better. Frances completely misses you.
Frances chants phrases taken from a devil's mouth.
The iron shot hits you!
You die...

#........ #.......#
+........ #.......#
#........ #.......+
#........ #.......#
#........ #.......#
#........ #...4...#
#........ #...@4..#
#........ #...@...#
#........ #.......#
#........ ######'##
#........ #....#
######'## #.#### #..#
#.# ####)### #####'###
#.).)..#
#...<...########......#
#.......'.....##......#


You could see Frances, an orange demon and a hellwing.

Vanquished Creatures
  Snorg (D:12)
  A hydra (D:12)
  Erolcha (D:13)
  Erica (D:10)
  Pikel (D:4)
  A wolf spider zombie (D:12)
  A necromancer (D:12)
  An ugly thing (D:12)
  2 manticores
  2 centaur zombies (D:13)
  An efreet (D:13)
  2 komodo dragons
  A troll (D:9)
  3 hornets (D:10)
  5 slime creatures
  2 hippogriffs
  Sigmund (D:5)
  A wyvern (D:9)
  12 yaks
  A steam dragon (D:10)
  4 vampire mosquitoes (D:10)
  4 wargs
  A soldier ant (D:10)
  Duvessa (D:4)
  An ice beast (D:11)
  3 orc warriors
  4 sky beasts
  A phantom (D:4)
  A slave (D:4)
  3 ogres
  4 centaurs
  3 big kobolds
  A crocodile (D:9)
  2 bullfrogs
  Dowan (D:4)
  2 wyvern zombies (D:12)
  2 scorpions
  14 killer bees
  2 howler monkeys
  8 wights
  7 crimson imps
  A bullfrog zombie (D:9)
  2 jellies
  A bullfrog skeleton (D:10)
  4 hounds
  Crazy Yiuf (D:5)
  An orc priest (D:13)
  4 centaur skeletons
  Jessica (D:1)
  8 orc wizards
  10 worker ants
  An iguana (D:10)
  3 polar bear simulacra (D:12)
  Terence (D:2)
  5 yak simulacra (D:12)
  A wolf simulacrum (D:12)
  A hound zombie (D:6)
  5 hound skeletons
  Robin (D:4)
  8 gnolls
  16 adders
  A shadow imp (D:13)
  An ooze (D:5)
  2 adder zombies
  4 adder skeletons
  5 worms
  2 dart slugs
  4 leopard geckos
  34 orcs
  4 bats
  9 giant cockroaches
  15 goblins
  10 hobgoblins
  22 kobolds
  2 quokkas
  3 ball pythons
  2 frilled lizards (D:1)
  A leopard gecko skeleton (D:5)
  A quokka skeleton (D:4)
  6 rats
  2 river rat simulacra (D:12)
  A fungus (D:1)
316 creatures vanquished.

Vanquished Creatures (others)
  21 plants
21 creatures vanquished.

Grand Total: 337 creatures vanquished

Notes
Turn   | Place    | Note
-------+----------+-------------------------------------------
     0 | Abyss:1  | glosham the Deep Elf Abyssal Knight began the quest for the
                  | Orb.
     0 | Abyss:1  | Reached XP level 1. HP: 13/13 MP: 4/4
    37 | Abyss:1  | Noticed a small abomination
    59 | Abyss:2  | Got a shimmering lajatang
    60 | Abyss:2  | Identified the +5 lajatang of Turmoil {elec, Str+7 Int+3}
                  | (You found it on level 2 of the Abyss)
    78 | Abyss:2  | Noticed a large abomination
    86 | Abyss:2  | Noticed an apocalypse crab
   125 | Abyss:2  | Noticed a lich
   146 | Abyss:2  | Noticed a starcursed mass
   150 | Abyss:2  | Noticed a ynoxinul
   151 | Abyss:2  | Noticed a starcursed mass
   152 | D:1      | Escaped the Abyss
   209 | D:1      | Reached * piety under Lugonu
   209 | D:1      | Reached skill level 1 in Staves
   345 | D:1      | Reached XP level 2. HP: 13/18 MP: 5/5
   450 | D:1      | Reached skill level 2 in Staves
   509 | D:2      | Noticed Jessica
   516 | D:1      | Killed Jessica
   516 | D:1      | Reached skill level 3 in Staves
   516 | D:1      | Reached XP level 3. HP: 22/22 MP: 6/6
   608 | D:1      | Gained mutation: You tend to lose your temper in combat.
                  | [potion of mutation]
   608 | D:1      | Gained mutation: Your flesh is cold resistant. (rC+)
                  | [potion of mutation]
   608 | D:1      | Gained mutation: You have sharp toenails. [potion of
                  | mutation]
   638 | D:2      | Reached XP level 4. HP: 27/27 MP: 7/7
   648 | D:2      | Reached skill level 4 in Staves
   687 | D:2      | Found a sacrificial altar of Ru.
  1051 | D:2      | Reached XP level 5. HP: 31/31 MP: 8/8
  1055 | D:2      | Noticed Terence
  1182 | D:2      | Reached ** piety under Lugonu
  1182 | D:2      | Reached skill level 5 in Staves
  1292 | D:2      | Killed Terence
  1551 | D:3      | Found a glowing silver altar of Zin.
  1771 | D:3      | Reached XP level 6. HP: 26/36 MP: 9/9
  1798 | D:3      | Reached skill level 6 in Staves
  1981 | D:3      | Found a bloodstained altar of Trog.
  2381 | D:4      | Noticed Duvessa
  2382 | D:4      | Noticed Dowan
  2416 | D:4      | Killed Duvessa
  2416 | D:4      | Reached skill level 7 in Staves
  2423 | D:4      | Killed Dowan
  2423 | D:4      | Reached XP level 7. HP: 15/40 MP: 10/10
  2537 | D:4      | Reached *** piety under Lugonu
  2712 | D:4      | Noticed Pikel
  2717 | D:4      | Killed Pikel
  2717 | D:4      | Reached skill level 9 in Staves
  2887 | D:4      | Reached XP level 8. HP: 41/45 MP: 11/11
  2938 | D:4      | Noticed Robin
  3002 | D:4      | Killed Robin
  3121 | D:5      | Entered Level 5 of the Dungeon
  3175 | D:5      | Reached skill level 10 in Staves
  3182 | D:5      | Noticed Sigmund
  3184 | D:5      | Killed Sigmund
  3298 | D:5      | Found a runed door.
  3302 | D:5      | Noticed Crazy Yiuf
  3309 | D:5      | Killed Crazy Yiuf
  3776 | D:5      | Found a staircase to the Ecumenical Temple.
  4152 | D:6      | Reached skill level 11 in Staves
  5114 | D:7      | Found a glowing silver altar of Zin.
  5161 | D:7      | Reached XP level 9. HP: 49/49 MP: 12/12
  5312 | D:7      | Reached **** piety under Lugonu
  5711 | D:7      | Found a shadowy altar of Dithmenos.
  5863 | D:7      | Reached skill level 12 in Staves
  6293 | D:8      | Found a shattered altar of Ashenzari.
  6513 | D:8      | Reached skill level 13 in Staves
  6538 | D:8      | Found a snail-covered altar of Cheibriados.
  6538 | D:8      | Found a basalt altar of Yredelemnul.
  6998 | D:9      | Noticed a komodo dragon
  7181 | D:9      | Noticed a troll
  7186 | D:9      | Killed a troll
  7272 | D:9      | Reached XP level 10. HP: 54/54 MP: 13/13
  7280 | D:9      | Reached ***** piety under Lugonu
  7414 | D:9      | Reached skill level 14 in Staves
  7416 | D:9      | Reached skill level 3 in Dodging
  7479 | D:9      | Reached skill level 4 in Dodging
  7482 | D:9      | Reached skill level 5 in Dodging
  7547 | D:9      | Reached skill level 6 in Dodging
  7568 | D:9      | Found a staircase to the Lair.
  7637 | D:10     | Entered Level 10 of the Dungeon
  7668 | D:9      | Reached skill level 7 in Dodging
  7882 | D:10     | Reached skill level 8 in Dodging
  7953 | D:10     | Reached skill level 9 in Dodging
  7974 | D:10     | Noticed Erica
  8044 | D:10     | Found a staircase to the Orcish Mines.
  8088 | D:10     | Killed Erica
  8088 | D:10     | Reached skill level 10 in Dodging
  8197 | D:10     | Reached XP level 11. HP: 31/58 MP: 14/14
  8247 | D:10     | Reached skill level 11 in Dodging
  8339 | D:10     | Found a hide-covered altar of Uskayaw.
  8595 | D:10     | Reached skill level 3 in Fighting
  8950 | D:11     | Reached skill level 12 in Dodging
  9217 | D:12     | Found a runed gate.
  9217 | D:12     | Found a runed gate.
  9218 | D:12     | Found a runed gate.
  9286 | D:12     | Noticed Snorg
  9297 | D:12     | Killed Snorg
  9332 | D:12     | Noticed a white ugly thing
  9345 | D:12     | Killed a white ugly thing
  9345 | D:12     | Reached skill level 13 in Dodging
  9457 | D:12     | Reached skill level 1 in Armour
  9661 | D:12     | Noticed a four-headed hydra
  9699 | D:12     | Killed a four-headed hydra
  9699 | D:12     | Reached skill level 2 in Armour
  9699 | D:12     | Reached skill level 14 in Dodging
  9756 | D:12     | Noticed a 12-headed hydra
  9756 | D:12     | Noticed heinrich's ghost (journeyman FoFi)
  9756 | D:12     | Noticed a ten-headed hydra
  9994 | D:12     | Noticed a necromancer
 10003 | D:12     | Killed a necromancer
 10003 | D:12     | Reached XP level 12. HP: 59/64 MP: 15/15
 10249 | D:13     | Reached ****** piety under Lugonu
 10251 | D:13     | Noticed Erolcha
 10269 | D:13     | Killed Erolcha
 10269 | D:13     | Reached skill level 15 in Dodging
 10307 | D:13     | Noticed Frances
 10314 | D:13     | Killed from afar by Frances

Vault maps used:
D:1:      mrwooster_arrival_statue_3, serial_park_tiny_pond,
          minmay_gold_behind_fungi
D:2:      overflow_temple_1_default, first_ration, supply_closet_lemuel,
          uniq_jessica, uniq_terence
D:3:      bloody_trog, lemuel_round_altar
D:4:      minmay_misc_feat_encased, uniq_pikel, uniq_duvessa, uniq_robin
D:5:      minmay_temple_entry_enclosed_plants, uniq_crazy_yiuf_cottage,
          uniq_sigmund
D:7:      lemuel_coloured_pillars_altar, basic_altar, serial_glass,
          glass_columns_a, glass_columns_c, glass_columns_a, glass_columns_b,
          glass_columns_a
D:8:      gammafunk_temple_overflow_claw
D:9:      david_lair_shrubbed
D:10:     minmay_orc_entry_guard_dogs, basic_altar, hangedman_pestilent_swarm,
          uniq_erica
D:12:     gammafunk_ghost_hydra_chop, eino_house_with_fridge, uniq_snorg
D:13:     grunt_vaults_entry_tiered, minmay_misc_feat_x, uniq_frances,
          uniq_erolcha
Abyss:1:  evilmike_abyss_exit_15
Abyss:2:  evilmike_abyss_exit_6, hangedman_classic_abyss_death

Skill      XL: |  1  2  3  4  5  6  7  8  9 10 11 12 |
---------------+-------------------------------------+-----
Staves         | 1 3 4 5 7 9 11 13 14 | 14.0
Dodging        | 10 14 15 | 15.0
Fighting       | 3 |  3.8
Armour         | 2 |  2.3
Polearms       | |  1.3
Invocations    | |  2.2

Action                   |  1- 3 |  4- 6 |  7- 9 | 10-12 || total
-------------------------+-------+-------+-------+-------++-------
Melee: Lajatang          |    48 |   126 |   278 |   333 ||   785
       Kick              |       |    29 |    46 |    95 ||   170
       Halberd           |       |       |     4 |       ||     4
       Quarterstaff      |       |       |       |     6 ||     6
 Fire: Blowgun           |       |       |       |     6 ||     6
Throw: Throwing net      |     1 |       |       |       ||     1
       Tomahawk          |       |     1 |     9 |     3 ||    13
Invok: Depart the Abyss  |     1 |       |       |       ||     1
Evoke: Wand              |       |       |       |    21 ||    21
  Use: Scroll            |     2 |     6 |    12 |     7 ||    27
       Potion            |     3 |     2 |     3 |     5 ||    13
 Stab: Distracted        |     1 |       |       |       ||     1
       Sleeping          |       |     2 |     2 |       ||     4
       Invisible         |       |       |       |     1 ||     1
  Eat: Chunk             |       |     5 |    15 |    10 ||    30
Armor: Leather armour    |     8 |       |       |       ||     8
       Robe              |     7 |    11 |    33 |     2 ||    53
       Skin              |       |       |    38 |       ||    38
       Troll leather arm |       |       |     3 |    45 ||    48
Dodge: Dodged            |    29 |    65 |   102 |   176 ||   372

Table legend:
 A = Non-vault XP
 B = Vault XP
 C = Vault XP percentage of total XP
 D = Non-vault monster count
 E = Vault monster count
 F = Vault count percentage of total count
                 A         B        C        D         E       F
            +---------+---------+-------+---------+---------+-------
      Total |   18155 |    7043 |  28.0 |     270 |      44 |  14.0
            +---------+---------+-------+---------+---------+-------
        D:1 |      28 |      37 |  56.9 |      17 |       1 |   5.6
        D:2 |     168 |      32 |  16.0 |      26 |       1 |   3.7
        D:3 |     211 |       0 |   0.0 |      41 |       0 |   0.0
        D:4 |     367 |     860 |  70.1 |       9 |      16 |  64.0
        D:5 |     258 |     253 |  49.5 |      16 |       2 |  11.1
        D:6 |     351 |       0 |   0.0 |       9 |       0 |   0.0
        D:7 |     862 |       0 |   0.0 |      25 |       0 |   0.0
        D:8 |    1161 |       0 |   0.0 |      28 |       0 |   0.0
        D:9 |    3477 |     660 |  16.0 |      29 |       3 |   9.4
       D:10 |    2754 |    2278 |  45.3 |      28 |       7 |  20.0
       D:11 |    1674 |       0 |   0.0 |       6 |       0 |   0.0
       D:12 |    4708 |    1971 |  29.5 |      25 |      13 |  34.2
       D:13 |    2136 |     952 |  30.8 |      11 |       1 |   8.3
            +---------+---------+-------+---------+---------+-------

Table legend:
 A = Turns spent in this place as a percentage of turns spent in the entire game.
 B = Non-inter-level travel turns spent in this place as a percentage of non-inter-level travel turns spent in the entire game.
 C = Inter-level travel turns spent in this place as a percentage of turns spent in this place.
 D = Turns resting spent in this place as a percentage of non-inter-level travel turns spent in this place.
 E = Turns spent auto-exploring this place as a percentage of non-inter-level travel turns spent in this place.
 F = Non-inter-level travel turns spent in this place divided by the number of levels of this place that you've seen.
                   A       B       C       D       E      F
               +-------+-------+-------+-------+-------+----------------------
         Total | 100.0 | 100.0 |   8.1 |   1.9 |   1.2 | 631.6
       Dungeon |  98.5 |  98.4 |   8.3 |   1.9 |   1.2 | 717.1
         Abyss |   1.5 |   1.6 |   0.0 |   0.0 |   0.0 |  76.0
               +-------+-------+-------+-------+-------+----------------------

Table legend:
 A = Kills in this place as a percentage of kills in entire the game.
 B = Kills by you in this place as a percentage of kills by you in the entire game.
 C = Kills by friends in this place as a percentage of kills by friends in the entire game.
 D = Other kills in this place as a percentage of other kills in the entire game.
 E = Experience gained in this place as a percentage of experience gained in the entire game.
 F = Experience gained in this place divided by the number of levels of this place that you have seen.
                   A       B       C       D       E      F
               +-------+-------+-------+-------+-------+----------------------
         Total | 100.0 | 100.0 |   N/A |   N/A | 100.0 | 1679.9
       Dungeon | 100.0 | 100.0 |   N/A |   N/A | 100.0 | 1938.3
               +-------+-------+-------+-------+-------+----------------------

Vault maps used:
D:1:      mrwooster_arrival_statue_3, serial_park_tiny_pond,
          minmay_gold_behind_fungi
D:2:      overflow_temple_1_default, first_ration, supply_closet_lemuel,
          uniq_jessica, uniq_terence
D:3:      bloody_trog, lemuel_round_altar
D:4:      minmay_misc_feat_encased, uniq_pikel, uniq_duvessa, uniq_robin
D:5:      minmay_temple_entry_enclosed_plants, uniq_crazy_yiuf_cottage,
          uniq_sigmund
D:7:      lemuel_coloured_pillars_altar, basic_altar, serial_glass,
          glass_columns_a, glass_columns_c, glass_columns_a, glass_columns_b,
          glass_columns_a
D:8:      gammafunk_temple_overflow_claw
D:9:      david_lair_shrubbed
D:10:     minmay_orc_entry_guard_dogs, basic_altar, hangedman_pestilent_swarm,
          uniq_erica
D:12:     gammafunk_ghost_hydra_chop, eino_house_with_fridge, uniq_snorg
D:13:     grunt_vaults_entry_tiered, minmay_misc_feat_x, uniq_frances,
          uniq_erolcha
Abyss:1:  evilmike_abyss_exit_15
Abyss:2:  evilmike_abyss_exit_6, hangedman_classic_abyss_death
